 Dungeon Crawl Stone Soup version 0.32-a0-928-g1cae6b7ea0 (webtiles) character file.

Game seed: 16214215228623683953

2 math4jedi the Cudgeller (level 1, 0/19 HPs)
             Began as a Mountain Dwarf Berserker on Apr 12, 2024.
             Was a Follower of Trog.
             Slain by a hobgoblin (4 damage)
             ... on level 1 of the Dungeon.
             The game lasted 00:01:13 (87 turns).

math4jedi the Cudgeller (Mountain Dwarf Berserker)    Turns: 87, Time: 00:01:14

Health: 0/19       AC:  2    Str: 19    XL:     1   Next: 33%
Magic:  1/1        EV: 10    Int:  7    God:    Trog [*.....]
Gold:   0          SH:  0    Dex:  9    Spells: 0/0 levels left

rFire   . . .        b - +0 whip
rCold   . . .        (no shield)
rNeg    . . .        c - +0 animal skin
rPois   .            (no helmet)
rElec   .            (no cloak)
rCorr   .            (no gloves)
SInv    .            (no boots)
Will    .....        (no amulet)
Stlth   +            (no ring)
HPRegen 0.23/turn    (no ring)
MPRegen 0.07/turn

%: no passive effects
@: no status effects
A: runic magic, artefact enchanting
a: Renounce Religion, Berserk


You were on level 1 of the Dungeon.
You worshipped Trog.
Trog was aware of your devotion.
You visited 1 branch of the dungeon, and saw 1 of its levels.

Inventory:

Hand Weapons
 a - a +0 mace
 b - a +0 whip (weapon)
Armour
 c - a +0 animal skin (worn)


   Skills:
 - Level 3.2 Fighting
 + Level 3.9 Maces & Flails
 - Level 2.1 Armour
 - Level 1.3 Dodging


You couldn't memorise any spells.
You didn't know any spells.
Your spell library was empty.

Dungeon Overview and Level Annotations

Branches:
Dungeon (1/15)

Altars:


Innate Abilities, Weirdness & Mutations

Your spellcasting is much less encumbered by armour.
You can use scrolls of enchantment on lesser artefacts.


Message History

You closely miss the ball python.
The ball python bites you but does no damage.
The ball python barely misses you.
You hit the ball python.
You kill the ball python!
Trog accepts your kill.
There is a broken door here.
You open the door.
A hobgoblin comes into view.
The hobgoblin shouts!
A hobgoblin comes into view.
There is an open door here.
The hobgoblin shouts!
You barely miss the hobgoblin. You closely miss the hobgoblin.
The hobgoblin hits you.
A dart slug comes into view.
You hit the hobgoblin.
The hobgoblin is moderately wounded.
The hobgoblin hits you but does no damage.
The dart slug briefly extends its eye-stalks.
You hit the hobgoblin.
The hobgoblin is severely wounded.
The hobgoblin hits you. x2
You closely miss the hobgoblin.
The hobgoblin is severely wounded.
The hobgoblin barely misses you. The hobgoblin closely misses you.
You closely miss the hobgoblin.
The hobgoblin is severely wounded.
The hobgoblin hits you. x2
You are too injured to fight recklessly!
You closely miss the hobgoblin.
The hobgoblin hits you but does no damage.
The hobgoblin hits you.
* * * LOW HITPOINT WARNING * * *
The hobgoblin attacks as it pursues you!
The hobgoblin barely misses you.
There is an open door here.
The hobgoblin attacks as it pursues you!
The hobgoblin hits you.
You die...

....##.###################
........#.................
........#.............#...
........#...###....⌠...#..
#.....w.#..## ##........[.
#.......#..## ##........##
#.......#...###...#'##...#
#.......#@......)##..##...
#......gg....⌠...#(##>#...
#.......#........##[###...
###+#####...###...####....
#..## ##.......... #..#
#.........# #...
....⌠...##. #....
........#...
#................


You could see 2 hobgoblins.

Vanquished Creatures
  An endoplasm (D:1)
  A ball python (D:1)
  A kobold (D:1)
3 creatures vanquished.

Notes
Turn   | Place    | Note
-------+----------+-------------------------------------------
     0 | D:1      | math4jedi the Mountain Dwarf Berserker began the quest for
                  | the Orb.
     0 | D:1      | Reached XP level 1. HP: 19/19 MP: 1/1
    87 | D:1      | Slain by a hobgoblin

Illustrated notes

Levels and vault maps discovered:
D:1:      erik_arrival_cave_to_civilisation [erik_arrival_cave_to_hall],
          layout_basic, solitary_fountain, serial_park_tiny_1,
          minmay_misc_feat_x, chequers_avenue

Action                     || total
---------------------------++-------
  Melee: Whip              ||    15
 Armour: Animal skin       ||    13
  Dodge: Dodged            ||     8

Table legend: (Time is in decaauts)
 A = Elapsed time spent in this place.
 B = Non-inter-level travel time spent in this place.
 C = Inter-level travel time spent in this place.
 D = Time resting spent in this place.
 E = Time spent auto-exploring this place.
 F = Levels seen in this place.
 G = Mean time per level.
                   A        B        C        D        E       F      G
               +--------+--------+--------+--------+--------+-----+--------+
         Total |     85 |     85 |      0 |      0 |     38 |   1 |   85.0 |
       Dungeon |     85 |     85 |      0 |      0 |     38 |   1 |   85.0 |
               +--------+--------+--------+--------+--------+-----+--------+

Top non-repeatable levels by time:
     D:1: 85 daAuts
